 Dungeon Crawl Stone Soup version 0.21.1-1-g345015f (webtiles) character file.

5270 chorionicmirror the Fighter (level 10, -2/88 HPs)
             Began as a Gnoll Wanderer on June 25, 2018.
             Was an Initiate of Gozag.
             Slain by Deebo's ghost (32 damage)
             ... on level 10 of the Dungeon.
             The game lasted 00:52:07 (11925 turns).

chorionicmirror the Fighter (Gnoll Wanderer)       Turns: 11925, Time: 00:52:08

Health: -2/88      AC: 11    Str: 15    XL:     10   Next: 62%
Magic:  0/18       EV: 14    Int: 16    God:    Gozag
Gold:   1291       SH:  0    Dex: 19    Spells: 12/19 levels left

rFire    . . .     SeeInvis .   a - +7 dire flail
rCold    + . .     Gourm    .   (shield currently unavailable)
rNeg     . . .     Faith    .   d - +1 ring mail
rPois    .         Spirit   +   r - +2 helmet
rElec    +         Reflect  .   (no cloak)
rCorr    .         Harm     .   (no gloves)
MR       .....                  (no boots)
Stlth    +++.......             g - amulet of guardian spirit
HPRegen  0.24/turn              B - ring of wizardry
MPRegen  0.16/turn              q - ring "Oplam" {rC+ Str-2 Dex+5}

@: no status effects
A: distributed training, fangs 1, shaggy fur 1, electricity resistance, strong
nose
a: Potion Petition, Call Merchant, Bribe Branch, Renounce Religion


You were on level 10 of the Dungeon.
You worshipped Gozag.
Gozag was most pleased with you.
You were not hungry.

You visited 2 branches of the dungeon, and saw 11 of its levels.

You collected 1531 gold pieces.
You spent 200 gold pieces at shops.
You paid 40 gold pieces to Gozag.

Inventory:

Hand Weapons
 a - a +7 dire flail (weapon)
 b - a +2 hand crossbow
Missiles
 e - 8 bolts (quivered)
Armour
 d - a +1 ring mail (worn)
 r - a +2 helmet (worn)
 x - +0 gold dragon scales
Jewellery
 g - an amulet of guardian spirit (around neck)
 h - an uncursed ring of fire
 q - the ring "Oplam" (right hand) {rC+ Str-2 Dex+5}
   (You found it on level 10 of the Dungeon)

   [ring of strength]

   It affects your strength (-2).
   It affects your dexterity (+5).
   It protects you from cold.
 y - an uncursed ring of flight
 B - a ring of wizardry (left hand)
 I - an uncursed ring of protection from fire
Wands
 n - a wand of paralysis (10)
 v - a wand of polymorph (30)
 w - a wand of flame (55)
 A - a wand of enslavement (10)
 C - a wand of digging (18)
 D - a wand of random effects (38)
 F - a wand of clouds (5)
Scrolls
 c - a scroll of silence {unknown}
 j - 2 scrolls of fog
 k - 2 scrolls of enchant weapon
 m - 3 scrolls of blinking
 s - 2 scrolls of remove curse
 z - a scroll of enchant armour
Potions
 i - 4 potions of agility
 l - a potion of mutation
 E - a potion of flight
 G - a potion of brilliance
Books
 u - a book of Maledictions

   Spells                             Type                      Level
   a - Corona                         Hexes                        1
   b - Ensorcelled Hibernation        Hexes/Ice                    2
   c - Confuse                        Hexes                        3
   d - Tukima's Dance                 Hexes                        3
   e - Dazzling Spray                 Conjuration/Hexes            3
 H - a book of Power

   Spells                             Type                      Level
   a - Iskenderun's Battlesphere      Conjuration/Charms           5
   b - Venom Bolt                     Conjuration/Poison           5
   c - Bolt of Magma                  Conjuration/Fire/Earth       5
   d - Iron Shot                      Conjuration/Earth            6
   e - Orb of Destruction             Conjuration                  7
   f - Spellforged Servitor           Conjuration/Summoning        7
 K - a book of Misfortune

   Spells                             Type                      Level
   a - Confusing Touch                Hexes                        1
   b - Confuse                        Hexes                        3
   c - Gell's Gravitas                Translocation                3
   d - Petrify                        Transmutation/Earth          4
   e - Metabolic Englaciation         Hexes/Ice                    5
   f - Yara's Violent Unravelling     Hexes/Transmutation          5
Comestibles
 f - 10 rations


   Skills:
 + Level 11.5 Fighting
 + Level 5.3 Short Blades
 + Level 5.3 Long Blades
 + Level 5.3 Axes
 + Level 5.3 Maces & Flails
 + Level 5.3 Polearms
 + Level 5.3 Staves
 + Level 5.3 Slings
 + Level 5.3 Bows
 + Level 7.1 Crossbows
 + Level 6.0 Throwing
 + Level 6.0 Armour
 + Level 5.3 Dodging
 + Level 5.9 Stealth
 + Level 5.3 Shields
 + Level 5.3 Unarmed Combat
 + Level 5.3 Spellcasting
 + Level 4.4 Conjurations
 + Level 4.4 Hexes
 + Level 4.4 Charms
 + Level 4.4 Summonings
 + Level 4.4 Necromancy
 + Level 4.4 Translocations
 + Level 4.4 Transmutations
 + Level 4.4 Fire Magic
 + Level 4.4 Ice Magic
 + Level 4.4 Air Magic
 + Level 4.4 Earth Magic
 + Level 4.4 Poison Magic
 + Level 5.9 Invocations
 + Level 5.3 Evocations


You had 12 spell levels left.
You knew the following spells:

 Your Spells              Type           Power        Failure   Level  Hunger
a - Corona                Hex            ###....      1%          1    None
b - Tukima's Dance        Hex            ###.....     5%          3    ###....
c - Dazzling Spray        Conj/Hex       ###...       5%          3    ###....


Dungeon Overview and Level Annotations

Branches:
Dungeon (10/15)            Temple (1/1) D:7            Lair (0/6) D:10
    Orc (0/2) D:10

Altars:
Cheibriados
Dithmenos
Elyvilon
Fedhas
Gozag
Hepliaklqana
Kikubaaqudgha
Makhleb
Nemelex Xobeh
Okawaru
Qazlal
Ru
Sif Muna
Trog
Uskayaw
Vehumet
Wu Jian
Xom
Yredelemnul
Zin
The Shining One
Lugonu

Shops:
D:9 %

Annotations:
D:10 Deebo's ghost, journeyman OgBe


Innate Abilities, Weirdness & Mutations

Your experience applies equally to all skills.
You have very sharp teeth.
Your uncanny sense of smell can sniff out nearby items.
You are covered in fur. (AC +1)
You are resistant to electric shocks. (rElec)


Message History

Deebo's ghost hits you but does no damage.
You impale Deebo's ghost!!
Deebo's ghost is heavily damaged.
Deebo's ghost hits you!
You hit Deebo's ghost.
Deebo's ghost is heavily damaged.
Deebo's ghost hits you.
Okay, then.
Okay, then.
You miss Deebo's ghost.
Deebo's ghost is heavily damaged.
Deebo's ghost closely misses you.
Okay, then.
Press: ? - help, v - describe, . - travel A rock wall.
You bludgeon Deebo's ghost!!
Deebo's ghost is severely damaged.
Deebo's ghost hits you!!
You die...
Your body crumbles into a pile of gold.

###.## #.# #......#PP .....# ##.#
#......##P .....# #..# #......###
.....# #.## #......... .....####
#.# #......... ........########.#
#.........
.>(..##..........#######.........
.<...###########.W(....'.........
.....# #@#######......... ###.##
#.# #######..# ###.# #####.####
######)## #...# ####........#
#.....).. #'#### #..)........#
#........ .....####.##..?.....#
#......).
.....##...##........#####........
.....'..####...)........#........
...<.#### #........###.#........


You could see Deebo's ghost.

Vanquished Creatures
  The ghost of sking99 the Slasher, a novice BaFi of Cheibriados (D:4)
  A komodo dragon (D:10)
  Sigmund (D:6)
  A wraith (D:10)
  A hungry ghost (D:7)
  2 phantoms
  2 ice beasts
  2 sky beasts
  3 black bears
  5 orc warriors
  An ogre (D:8)
  5 centaurs
  3 big kobolds
  Blork the orc (D:6)
  4 bullfrogs
  2 scorpions
  9 wights
  10 killer bees (D:8)
  2 crimson imps
  A centaur zombie (D:7)
  A jelly (D:6)
  4 orc priests
  4 hounds
  2 centaur skeletons (D:7)
  3 iguanas
  5 orc wizards
  4 worker ants
  Robin (D:3)
  6 adders
  3 shadow imps
  2 adder skeletons
  A worm (D:2)
  A dart slug (D:2)
  6 leopard geckos
  41 orcs
  A ball python (D:3)
  4 bats
  5 giant cockroaches
  16 goblins
  9 hobgoblins
  17 kobolds
  6 frilled lizards
  A leopard gecko zombie (D:5)
  A quokka skeleton (D:9)
  5 rats (D:2)
  3 demonic plants (Temple)
209 creatures vanquished.

Vanquished Creatures (others)
  An unseen horror (D:7)
  A plant (D:10)
2 creatures vanquished.

Grand Total: 211 creatures vanquished

Notes
Turn   | Place    | Note
-------+----------+-------------------------------------------
     0 | D:1      | Reached skill level 10 in Fighting
     0 | D:1      | chorionicmirror the Gnoll Wanderer began the quest for the Orb.
     0 | D:1      | chorionicmirror set off with: a +2 hand crossbow, 26 bolts, a potion of curing, a +0 ring mail, a ration
     0 | D:1      | Reached XP level 1. HP: 28/28 MP: 1/1
   125 | D:1      | Reached XP level 2. HP: 36/36 MP: 2/2
   641 | D:2      | Reached XP level 3. HP: 42/42 MP: 3/3
   949 | D:2      | Reached skill level 1 in Invocations
  1104 | D:2      | Found an opulent altar of Gozag.
  1168 | D:2      | Reached skill level 1 in Short Blades
  1168 | D:2      | Reached skill level 1 in Long Blades
  1168 | D:2      | Reached skill level 1 in Axes
  1168 | D:2      | Reached skill level 1 in Maces & Flails
  1168 | D:2      | Reached skill level 1 in Polearms
  1168 | D:2      | Reached skill level 1 in Staves
  1168 | D:2      | Reached skill level 1 in Slings
  1168 | D:2      | Reached skill level 1 in Bows
  1168 | D:2      | Reached skill level 1 in Dodging
  1168 | D:2      | Reached skill level 1 in Shields
  1168 | D:2      | Reached skill level 1 in Unarmed Combat
  1168 | D:2      | Reached skill level 1 in Spellcasting
  1168 | D:2      | Reached skill level 1 in Evocations
  1251 | D:2      | Reached XP level 4. HP: 48/48 MP: 5/5
  1367 | D:2      | Found a shadowy altar of Dithmenos.
  1549 | D:2      | Became a worshipper of Gozag Ym Sagoz the Greedy
  1647 | D:3      | Found a hazy altar of Hepliaklqana.
  1810 | D:3      | Found a glowing golden altar of the Shining One.
  1825 | D:3      | Noticed Robin
  1869 | D:3      | Killed Robin
  1869 | D:3      | Reached skill level 1 in Conjurations
  1869 | D:3      | Reached skill level 1 in Hexes
  1869 | D:3      | Reached skill level 1 in Charms
  1869 | D:3      | Reached skill level 1 in Summonings
  1869 | D:3      | Reached skill level 1 in Necromancy
  1869 | D:3      | Reached skill level 1 in Translocations
  1869 | D:3      | Reached skill level 1 in Transmutations
  1869 | D:3      | Reached skill level 1 in Fire Magic
  1869 | D:3      | Reached skill level 1 in Ice Magic
  1869 | D:3      | Reached skill level 1 in Air Magic
  1869 | D:3      | Reached skill level 1 in Earth Magic
  1869 | D:3      | Reached skill level 1 in Poison Magic
  2488 | D:4      | Found an ornate altar of the Wu Jian Council.
  2523 | D:4      | Reached XP level 5. HP: 50/54 MP: 6/6
  2983 | D:4      | Noticed sking99's ghost (novice BaFi)
  3015 | D:4      | Killed sking99's ghost
  3015 | D:4      | Reached skill level 5 in Crossbows
  3015 | D:4      | Reached XP level 6. HP: 14/61 MP: 7/9
  3015 | D:4      | Reached XP level 7. HP: 15/67 MP: 7/10
  3332 | D:4      | Found a blossoming altar of Fedhas.
  3456 | D:5      | Entered Level 5 of the Dungeon
  3503 | D:5      | Learned a level 1 spell: Corona
  3706 | D:5      | Found a radiant altar of Vehumet.
  3708 | D:5      | Found a white marble altar of Elyvilon.
  3928 | D:5      | Reached XP level 8. HP: 56/74 MP: 12/12
  4391 | D:5      | Found a glowing silver altar of Zin.
  4393 | D:5      | Found a snail-covered altar of Cheibriados.
  4813 | D:6      | Noticed Blork the orc
  4822 | D:6      | Killed Blork the orc
  4842 | D:6      | Noticed Sigmund
  4851 | D:6      | Killed Sigmund
  5303 | D:6      | Found an iron altar of Okawaru.
  5408 | D:6      | Reached skill level 11 in Fighting
  5408 | D:6      | Reached XP level 9. HP: 38/81 MP: 5/14
  6970 | D:7      | Killed an unseen horror
  7290 | D:7      | Reached skill level 5 in Throwing
  7290 | D:7      | Reached skill level 5 in Armour
  7324 | D:7      | Found a staircase to the Ecumenical Temple.
  7332 | Temple   | Entered the Ecumenical Temple
  8472 | D:8      | Reached skill level 5 in Stealth
  8503 | D:8      | Found a bloodstained altar of Trog.
  8571 | D:8      | Reached skill level 5 in Invocations
  9026 | D:8      | Reached XP level 10. HP: 88/88 MP: 17/17
  9951 | D:9      | Reached skill level 5 in Short Blades
  9951 | D:9      | Reached skill level 5 in Long Blades
  9951 | D:9      | Reached skill level 5 in Axes
  9951 | D:9      | Reached skill level 5 in Maces & Flails
  9951 | D:9      | Reached skill level 5 in Polearms
  9951 | D:9      | Reached skill level 5 in Staves
  9951 | D:9      | Reached skill level 5 in Slings
  9951 | D:9      | Reached skill level 5 in Bows
  9951 | D:9      | Reached skill level 5 in Dodging
  9951 | D:9      | Reached skill level 5 in Shields
  9951 | D:9      | Reached skill level 5 in Unarmed Combat
  9951 | D:9      | Reached skill level 5 in Spellcasting
  9951 | D:9      | Reached skill level 5 in Evocations
  9977 | D:9      | Learned a level 3 spell: Tukima's Dance
  9981 | D:9      | Learned a level 3 spell: Dazzling Spray
 10003 | D:9      | Found Cenley's Food Emporium.
 10010 | D:9      | Bought a ration for 50 gold pieces
 10010 | D:9      | Bought a ration for 50 gold pieces
 10010 | D:9      | Bought a ration for 50 gold pieces
 10010 | D:9      | Bought a ration for 50 gold pieces
 10640 | D:9      | Gained mutation: You are resistant to electric shocks. (rElec) [potion of mutation]
 10640 | D:9      | Gained mutation: You are covered in fur. (AC +1) [potion of mutation]
 10643 | D:10     | Entered Level 10 of the Dungeon
 10722 | D:10     | Found a staircase to the Orcish Mines.
 10946 | D:10     | Got a scorched iron ring
 10950 | D:10     | Identified the cursed ring "Oplam" {rC+ Str-2 Dex+5} (You found it on level 10 of the Dungeon)
 10994 | D:10     | Found a staircase to the Lair.
 11319 | D:10     | Noticed Deebo's ghost (journeyman OgBe)
 11331 | D:10     | HP: 4/88 [Deebo's ghost (19)]
 11925 | D:10     | Slain by Deebo's ghost

Skill      XL: |  1  2  3  4  5  6  7  8  9 10 |
---------------+-------------------------------+-----
Fighting       | 11 | 11.5
Invocations    | 1 2 3 4 5 |  5.9
Short Blades   | 1 2 3 4 5 |  5.3
Long Blades    | 1 2 3 4 5 |  5.3
Axes           | 1 2 3 4 5 |  5.3
Maces & Flails | 1 2 3 4 5 |  5.3
Polearms       | 1 2 3 4 5 |  5.3
Staves         | 1 2 3 4 5 |  5.3
Slings         | 1 2 3 4 5 |  5.3
Bows           | 1 2 3 4 5 |  5.3
Dodging        | 1 2 3 4 5 |  5.3
Shields        | 1 2 3 4 5 |  5.3
Unarmed Combat | 1 2 3 4 5 |  5.3
Spellcasting   | 1 2 3 4 5 |  5.3
Evocations     | 1 2 3 4 5 |  5.3
Conjurations   | 1 2 3 4 |  4.4
Hexes          | 1 2 3 4 |  4.4
Charms         | 1 2 3 4 |  4.4
Summonings     | 1 2 3 4 |  4.4
Necromancy     | 1 2 3 4 |  4.4
Translocations | 1 2 3 4 |  4.4
Transmutations | 1 2 3 4 |  4.4
Fire Magic     | 1 2 3 4 |  4.4
Ice Magic      | 1 2 3 4 |  4.4
Air Magic      | 1 2 3 4 |  4.4
Earth Magic    | 1 2 3 4 |  4.4
Poison Magic   | 1 2 3 4 |  4.4
Throwing       | 3 4 5 6 |  6.0
Armour         | 3 4 5 6 |  6.0
Crossbows      | 5 6 7 |  7.1
Stealth        | 3 4 5 |  5.9

Action                   |  1- 3 |  4- 6 |  7- 9 | 10-12 || total
-------------------------+-------+-------+-------+-------++-------
Melee: Dagger            |    43 |    60 |   103 |       ||   206
       Bite              |     8 |    13 |    70 |    20 ||   111
       Long sword        |       |    23 |       |       ||    23
       Punch             |       |     1 |     2 |       ||     3
       Falchion          |       |       |   274 |    51 ||   325
       Dire flail        |       |       |       |    99 ||    99
 Fire: Hand crossbow     |    55 |    25 |   161 |    67 ||   308
 Cast: Corona            |       |       |     5 |     2 ||     7
       Dazzling Spray    |       |       |       |     5 ||     5
Invok: Potion Petition   |       |       |       |     1 ||     1
Evoke: Wand              |       |       |       |     3 ||     3
  Use: Scroll            |       |     8 |     3 |     8 ||    19
       Potion            |       |       |    16 |     3 ||    19
 Stab: Distracted        |       |     1 |     1 |     1 ||     3
       Sleeping          |       |     1 |       |     2 ||     3
       Paralysed         |       |       |       |     2 ||     2
  Eat: Ration            |       |     2 |     7 |     3 ||    12
       Chunk             |       |     1 |       |       ||     1
Armor: Ring mail         |    29 |    22 |   142 |    68 ||   261
Dodge: Dodged            |    37 |    35 |   200 |   117 ||   389
       Rpst.: Long sword |       |     4 |       |       ||     4
       Falchion          |       |       |    37 |    15 ||    52
